 Dungeon Crawl Stone Soup version 0.16-a0-1243-g6e0463c (webtiles) character file.

65618 Kashira the Cleaver (level 15, -3/82 HPs)
             Began as a Vine Stalker Berserker on Oct 13, 2014.
             Was the Champion of Trog.
             Succumbed to a sea snake's poison
             ... on level 3 of the Shoals.
             The game lasted 01:37:25 (20207 turns).

Kashira the Cleaver (Vine Stalker Berserker)       Turns: 20207, Time: 01:37:25

Health: -3/82      AC: 13    Str: 22    XL:     15   Next: 17%
Magic:  19/38      EV: 13    Int: 10    God:    Trog [******]
Gold:   409        SH:  0    Dex: 15    Spells: 0 memorised, 14 levels left

rFire  + + +     SeeInvis +     B - +7 broad axe of the Thirteen Souls {chop, rF++ rC+}
rCold  . . .     Clarity  .     N - +0 fire dragon armour
rNeg   . . .     SustAb   .     (no shield)
rPois  .         Gourm    .     m - +1 helmet
rElec  .         Spirit   +     (no cloak)
rCorr  .         Warding  .     (no gloves)
rMut   .         Stasis   .     G - +0 pair of boots
MR     +....                    T - amulet of regeneration
Stlth  +++.......               k - ring of magical power
                                H - ring of see invisible

@: lethally poisoned, very slightly contaminated, somewhat resistant to hostile
enchantments, fairly stealthy
A: fangs 3, regeneration 3, wild magic 1, magic shield, antimagic bite, no
device heal 3, rot immunity
a: Burn Spellbooks, Berserk, Trog's Hand, Brothers in Arms, Renounce Religion


You were on level 3 of the Shoals.
You worshipped Trog.
Trog was exalted by your worship.
You were not hungry.

You visited 4 branches of the dungeon, and saw 27 of its levels.

You collected 2672 gold pieces.
You spent 2263 gold pieces at shops.

Inventory:

Hand weapons
 p - the +9 halberd "Rypseok" {chop, +Blink +Inv rElec rF- Str+2 Dex+3}
   (Trog gifted it to you on level 2 of the Shoals)

   It inflicts extra damage upon your enemies.
   It affects your strength (+2).
   It affects your dexterity (+3).
   It makes you vulnerable to fire.
   It insulates you from electricity.
   It lets you turn invisible.
   It lets you blink.
 r - the +6 battleaxe of Power {flame, Noisy +Fly rN+}
   (Trog gifted it to you on level 10 of the Dungeon)

   It emits flame when wielded, causing extra injury to most foes and up to
   double damage against particularly susceptible opponents.
   Big, fiery blades are also staple armaments of hydra-hunters.
   It protects you from negative energy.
   It lets you fly.
   It may make noises in combat.
 t - the +2 hand axe "Pluan" {freeze, rElec MR+ Stlth-}
   (You found it on level 4 of the Dungeon)

   It has been specially enchanted to freeze those struck by it, causing extra
   injury to most foes and up to double damage against particularly susceptible
   opponents.
   It can also slow down cold-blooded creatures.
   It insulates you from electricity.
   It affects your resistance to hostile enchantments.
   It makes you less stealthy.
 B - the +7 broad axe of the Thirteen Souls (weapon) {chop, rF++ rC+}
   (Trog gifted it to you on level 4 of the Orcish Mines)

   It inflicts extra damage upon your enemies.
   It greatly protects you from fire.
   It protects you from cold.
Missiles
 Q - a throwing net (quivered)
 W - 11 javelins of penetration
Armour
 a - a +2 leather armour of poison resistance
 m - a +1 helmet (worn)
 G - a +0 pair of boots (worn)
 N - a +0 fire dragon armour (worn)
Jewellery
 e - an uncursed amulet of stasis {unknown}
 g - a cursed -3 ring of evasion {unknown}
 k - a ring of magical power (right hand)
 H - a ring of see invisible (left hand)
 T - an amulet of regeneration (around neck)
 U - the ring "Stri Naqiu" {rC+ Str+2}
   (You found it on level 12 of the Dungeon)

   [ring of protection from cold]

   It affects your strength (+2).
   It protects you from cold.
Magical devices
 z - a wand of digging (18)
 A - a wand of fire (10)
 D - a wand of lightning (2)
 I - a wand of invisibility (5)
 Y - a wand of disintegration (11)
Scrolls
 f - 2 scrolls of magic mapping
 j - 9 scrolls of teleportation
 n - 2 scrolls of blinking
 v - a scroll of vulnerability {unknown}
 O - 2 scrolls of identify
 P - 5 scrolls of fear
 S - a scroll of fog
Potions
 b - a potion of brilliance
 d - 11 potions of curing
 h - a potion of berserk rage
 i - a potion of magic
 o - 2 potions of haste
 q - 3 potions of resistance
 s - a potion of agility
Books
 l - a Grand Grimoire {highlevel, unknown}

   This book is beyond your current level of understanding.

   Spells                             Type                      Level
   Aura of Abjuration                 Summoning                    6
   Forceful Dismissal                 Summoning                    6
   Summon Greater Demon               Summoning                    7
   Malign Gateway                     Summoning/Translocation      7
   Summon Horrible Things             Summoning                    8
   Trog disapproves of the use of such an item.
Miscellaneous
 E - a lantern of shadows
Comestibles
 c - 8 bread rations
 u - 2 fruits
 C - 17 royal jellies


   Skills:
 + Level 11.0 Fighting
 + Level 14.1 Axes
 * Level 3.8 Throwing
 + Level 5.5 Armour
 + Level 9.6 Dodging
 - Level 10.7 Stealth
 * Level 9.5 Evocations


You had 14 spell levels left.
You didn't know any spells.

Dungeon Overview and Level Annotations

Branches:
Dungeon (12/15)            Temple (0/1) D:5             Orc (4/4) D:12
    Elf (0/3) Orc:4          Lair (8/8) D:8          Shoals (3/5) Lair:5
 Spider (0/5) Lair:4        Slime (0/6) Lair:6

Altars:
Ashenzari
Dithmenos
Makhleb
Trog
Yredelemnul
Beogh
Jiyva

Shops:
D:8 }   D:9 =   Orc:4 (*(:   Shoals:2 [

Annotations:
D:7 exclusion: 2 killer bees


Innate Abilities, Weirdness & Mutations

You have razor-sharp teeth.
You regenerate.
When hurt, damage is shared between your health and your magic reserves.
Your bite disrupts and absorbs the magic of your enemies.
Potions and wands cannot restore your health.
You are immune to rotting.
Your spells are a little harder to cast, but a little more powerful.


Message History

You feel extremely sick. The sea snake bites you!
* * * LOW HITPOINT WARNING * * *
You are more poisoned.
The sea snake poisons you!
Drink which item? (? for menu, Esc to quit)
Okay, then.
Use which ability? (? or * to list)
Your troll goes berserk!
You feel somewhat more hungry.
* * * LOW HITPOINT WARNING * * *
You feel extremely sick. The sea snake closely misses you.
Unknown command.
Read which item? (? for menu, Esc to quit)
Blink to where?
Press: ? - help, Dir - move target cursor
As you read the scroll of blinking, it crumbles to dust.
You are very lightly contaminated with residual magic.
You die...

≈≈≈≈≈≈≈≈≈ ≈P.
≈≈≈≈≈≈≈≈≈≈≈.P....
≈≈≈≈≈≈≈≈≈≈≈≈..PP...
≈≈≈≈≈≈≈≈≈≈≈≈≈.PPP..
≈≈≈≈≈≈≈≈≈≈≈≈P.PP..
≈≈≈≈≈≈≈≈≈≈≈≈≈PPPP
≈≈≈≈≈..S.T≈≈.≈PPP
≈≈≈≈≈.!.§≈≈≈≈PPP#
≈≈.#....<≈≈≈(≈P@#
##.....≈≈≈≈≈..#
##.?..≈≈≈≈≈≈≈..
#....≈≈≈≈≈≈≈≈≈≈≈
...≈≈≈≈≈≈≈≈≈≈≈≈≈≈≈
#.≈≈≈≈≈≈≈≈≈≈≈≈≈≈≈≈
..≈≈≈≈≈≈≈≈≈≈≈≈≈≈≈
.≈≈≈≈≈≈≈≈≈≈≈≈≈≈≈
≈≈≈ ≈≈≈


You could see a friendly troll (berserk).

Vanquished Creatures
  The ghost of Kashira the Cleaver, a powerful VSBe of Trog (Shoals:1)
  A fire dragon (Lair:8)
  Harold (D:10)
  5 hydras
  Erica (D:10)
  4 orc high priests (Orc:4)
  Urug (Orc:3)
  Nergalle (Orc:2)
  2 skeletal warriors (D:12)
  An unseen horror (D:11)
  2 sea snakes
  The ghost of Bubba the Cleaver, an experienced HOFi of Beogh (D:5)
  A wizard (D:12)
  5 harpies (Shoals:1)
  A manticore (Shoals:1)
  2 hill giants
  An ugly thing (D:11)
  A griffon (Shoals:2)
  5 elephants (Lair:8)
  A siren (Shoals:2)
  Maurice (Orc:4)
  4 black mambas
  9 spiny frogs
  2 gargoyles (D:11)
  5 fire drakes
  A queen ant (Lair:2)
  7 komodo dragons
  A queen bee (Lair:6)
  A hydra zombie (D:10)
  A merfolk (Shoals:3)
  Sonja (D:10)
  A two-headed ogre (D:8)
  5 slime creatures (D:12)
  18 blink frogs
  A snapping turtle (Lair:5)
  2 basilisks
  3 trapdoor spiders (Lair:4)
  A human (D:7)
  A deep elf mage (D:11)
  2 hogs (Lair:8)
  10 hippogriffs
  Grum (Orc:3)
  2 hungry ghosts (D:12)
  28 yaks
  18 wolves
  2 steam dragons (Lair:8)
  13 wargs
  2 nagas (D:10)
  6 soldier ants (Lair:2)
  3 mottled dragons (Lair:8)
  14 water moccasins
  7 porcupines
  A swamp drake (Lair:8)
  A hell hound (Lair:8)
  2 black bears
  4 phantoms
  5 ice beasts
  A yellow wasp (Lair:4)
  4 centaurs
  4 necrophages (Lair:6)
  A manticore zombie (D:12)
  2 sky beasts
  10 ogres
  8 orc warriors
  2 big kobolds
  16 crocodiles
  A wandering mushroom (D:8)
  10 giant frogs
  A gnoll sergeant (D:11)
  A troll zombie (D:12)
  4 wights (D:6)
  3 scorpions
  25 killer bees (Lair:6)
  2 electric eels
  5 crimson imps
  A goliath beetle (D:8)
  15 hounds
  40 orc priests
  2 jellies
  11 iguanas
  A giant frog skeleton (D:6)
  26 orc wizards
  27 sheep
  A killer bee zombie (D:7)
  23 worker ants
  6 ogre zombies
  A mottled dragon skeleton (D:11)
  4 gnolls (D:11)
  28 adders
  83 green rats
  A shadow imp (D:6)
  2 worms
  An adder zombie (D:8)
  2 orc skeletons
  5 giant geckos
  3 oozes (D:6)
  188 orcs
  A ball python (D:2)
  7 giant cockroaches
  16 goblins
  16 hobgoblins
  15 jackals
  16 kobolds
  11 quokkas
  10 bats
  9 giant newts
  A giant spore (D:4)
  2 goblin skeletons (D:12)
  3 goblin zombies (D:12)
  A hobgoblin skeleton (D:12)
  2 hobgoblin zombies (D:12)
  A kobold skeleton (D:4)
  9 orc zombies (D:12)
  A quokka skeleton (D:7)
  11 rats
  A spectral orc (D:6)
  2 ballistomycetes (D:4)
  8 fungi
  5 plants
943 creatures vanquished.

Vanquished Creatures (collateral kills)
  Saint Roka (Orc:4)
  2 hydras (Lair:8)
  4 orc high priests (Orc:4)
  A manticore (Shoals:2)
  A water nymph (Shoals:2)
  A hellwing (Orc:4)
  A fire drake (Lair:8)
  A boulder beetle (Lair:8)
  An orc warrior (Orc:4)
  2 crocodiles (Lair:8)
  4 orc priests (Orc:4)
  6 orcs (Orc:4)
25 creatures vanquished.

Vanquished Creatures (others)
  A troll (Lair:8)
  A black bear skeleton (D:4)
  A hobgoblin (D:10)
  3 fungi
6 creatures vanquished.

Grand Total: 974 creatures vanquished

Notes
Turn   | Place    | Note
--------------------------------------------------------------
     0 | D:1      | Kashira, the Vine Stalker Berserker, began the quest for the Orb.
     0 | D:1      | Reached XP level 1. HP: 11/11 MP: 1/1
   215 | D:1      | Reached skill level 3 in Axes
   220 | D:1      | Reached XP level 2. HP: 16/16 MP: 3/3
   475 | D:1      | Acquired Trog's second power
   838 | D:2      | Reached XP level 3. HP: 16/19 MP: 4/4
  1108 | D:2      | Reached skill level 4 in Axes
  1651 | D:3      | Reached XP level 4. HP: 23/23 MP: 5/5
  2258 | D:4      | Reached skill level 5 in Axes
  2258 | D:4      | Reached XP level 5. HP: 25/27 MP: 7/7
  2265 | D:4      | Gained mutation: You heal very quickly. [vine stalker growth]
  2265 | D:4      | Reached XP level 6. HP: 15/32 MP: 5/8
  2313 | D:4      | Reached skill level 6 in Axes
  2422 | D:4      | Got a smoking hand axe
  2423 | D:4      | Identified the cursed +2 hand axe "Pluan" {freeze, rElec MR+ Stlth-} (You found it on level 4 of the Dungeon)
  2531 | D:4      | Got a dazzling leather armour
  2542 | D:4      | Identified the cursed -2 leather armour of Qodgheps {SInv} (You found it on level 4 of the Dungeon)
  2834 | D:4      | Acquired Trog's third power
  2841 | D:4      | Reached skill level 7 in Axes
  2841 | D:4      | Reached XP level 7. HP: 24/35 MP: 9/9
  3003 | D:4      | Noticed an ogre
  3050 | D:4      | Killed an ogre
  3050 | D:4      | Reached skill level 1 in Stealth
  3239 | D:5      | Entered Level 5 of the Dungeon
  3469 | D:5      | Noticed Bubba's ghost (experienced HOFi)
  3478 | D:5      | Killed Bubba's ghost
  3478 | D:5      | Reached skill level 8 in Axes
  3478 | D:5      | Gained mutation: You have razor-sharp teeth. [vine stalker growth]
  3478 | D:5      | Reached XP level 8. HP: 38/40 MP: 11/11
  3479 | D:5      | Found a staircase to the Ecumenical Temple.
  3507 | D:5      | Found a shadowy altar of Dithmenos.
  4275 | D:6      | Reached XP level 9. HP: 45/45 MP: 12/12
  4443 | D:6      | Reached skill level 5 in Stealth
  4591 | D:6      | Found a basalt altar of Yredelemnul.
  4882 | D:7      | Reached skill level 9 in Axes
  5658 | D:7      | Received a gift from Trog
  5763 | D:8      | Found Striutude's Gadget Shoppe.
  5854 | D:8      | Noticed a wandering mushroom
  5854 | D:8      | Noticed a wandering mushroom
  5857 | D:8      | Found a staircase to the Lair.
  5904 | D:8      | Bought a plain deck of wonders for 224 gold pieces
  6042 | D:8      | Killed a wandering mushroom
  6042 | D:8      | Reached skill level 5 in Dodging
  6042 | D:8      | Reached XP level 10. HP: 26/51 MP: 8/13
  6317 | D:8      | Reached skill level 5 in Fighting
  6684 | D:9      | Noticed a hill giant
  6694 | D:9      | Killed a hill giant
  6799 | D:9      | Found Shrimn Irphokh's Jewellery Boutique.
  7058 | D:9      | Found a shattered altar of Ashenzari.
  7273 | D:10     | Entered Level 10 of the Dungeon
  7273 | D:10     | Noticed Erica
  7273 | D:10     | Noticed Harold
  7284 | D:10     | Killed Harold
  7284 | D:10     | Reached skill level 10 in Axes
  7286 | D:10     | Killed Erica
  7383 | D:10     | Received a gift from Trog
  7384 | D:10     | Got a shimmering battleaxe {god gift}
  7385 | D:10     | Identified the +6 battleaxe of Power {flame, Noisy +Fly rN+} (Trog gifted it to you on level 10 of the Dungeon)
  7393 | D:10     | Gained mutation: Your spells are a little harder to cast, but a little more powerful. [helix card]
  7432 | D:10     | Noticed Sonja
  7453 | D:10     | Killed Sonja
  7524 | D:10     | Reached XP level 11. HP: 44/56 MP: 16/16
  7537 | D:10     | Reached skill level 1 in Evocations
  8069 | D:10     | Got a jewelled scimitar
  8070 | D:10     | Identified the +7 scimitar of Podghoath {speed, rPois rN+ SInv} (You found it on level 10 of the Dungeon)
  8193 | D:11     | Got an encrusted arbalest
  8194 | D:11     | Identified the +4 arbalest of Doubt {freeze, Str+3} (You found it on level 11 of the Dungeon)
  8331 | D:11     | Noticed a hill giant
  8357 | D:11     | Killed a hill giant
  8379 | D:11     | Killed an unseen horror
  8950 | D:12     | Noticed a wizard
  8964 | D:12     | Killed a wizard
  8964 | D:12     | Reached skill level 11 in Axes
  8981 | D:12     | Got a slimy platinum ring
  8983 | D:12     | Identified the ring "Stri Naqiu" {rC+ Str+2} (You found it on level 12 of the Dungeon)
  9059 | D:12     | Found a staircase to the Orcish Mines.
  9140 | Orc:1    | Entered Level 1 of the Orcish Mines
  9430 | Orc:1    | Received a gift from Trog
  9679 | Orc:2    | Found a burning altar of Makhleb.
  9723 | Orc:2    | Noticed Nergalle
  9732 | Orc:2    | Killed Nergalle
  9732 | Orc:2    | Gained mutation: You regenerate. [vine stalker growth]
  9732 | Orc:2    | Reached XP level 12. HP: 64/64 MP: 21/21
  9902 | Orc:2    | Received a gift from Trog
 10289 | Orc:2    | Found a roughly hewn altar of Beogh.
 10458 | Orc:3    | Noticed Grum
 10466 | Orc:3    | Killed Grum
 10680 | Orc:3    | Received a gift from Trog
 10682 | Orc:3    | Noticed Urug
 10716 | Orc:3    | Killed Urug
 11020 | Orc:4    | Entered Level 4 of the Orcish Mines
 11020 | Orc:4    | Noticed Maurice
 11039 | Orc:4    | Killed Maurice
 11064 | Orc:4    | Noticed Saint Roka
 11248 | Orc:4    | Found a staircase to the Elven Halls.
 11309 | Orc:4    | Killed Saint Roka
 11309 | Orc:4    | Reached skill level 5 in Evocations
 11324 | Orc:4    | Reached skill level 12 in Axes
 11534 | Orc:4    | Noticed an orc high priest
 11550 | Orc:4    | Found Fedeleeh's Book Boutique.
 11550 | Orc:4    | Noticed an orc high priest
 11558 | Orc:4    | Received a gift from Trog
 11560 | Orc:4    | Killed an orc high priest
 11584 | Orc:4    | Got a crystal broad axe {god gift}
 11602 | Orc:4    | Found Suara's Weapon Shoppe.
 11639 | Orc:4    | Noticed an orc high priest
 11643 | Orc:4    | Killed an orc high priest
 11650 | Orc:4    | Noticed an orc high priest
 11666 | Orc:4    | Killed an orc high priest
 11687 | Orc:4    | Killed an orc high priest
 11747 | Orc:4    | Noticed an orc high priest
 11803 | Orc:4    | Noticed an orc high priest
 11818 | Orc:4    | Killed an orc high priest
 11818 | Orc:4    | Reached XP level 13. HP: 48/70 MP: 23/24
 11820 | Orc:4    | Killed an orc high priest
 11827 | Orc:4    | Noticed an orc high priest
 11828 | Orc:4    | Killed an orc high priest
 11845 | Orc:4    | Noticed an orc high priest
 11847 | Orc:4    | Killed an orc high priest
 11856 | Orc:4    | Found a roughly hewn altar of Beogh.
 11895 | Orc:4    | Found Pnaat's Antique Weapon Shoppe.
 11895 | Orc:4    | Found Stei's General Store.
 11909 | Orc:4    | Bought a lantern of shadows for 340 gold pieces
 11909 | Orc:4    | Bought a bread ration for 85 gold pieces
 11909 | Orc:4    | Bought a scroll of noise for 17 gold pieces
 11909 | Orc:4    | Bought a potion of resistance for 119 gold pieces
 11950 | Orc:4    | Bought a book of Spatial Translocations for 910 gold pieces
 11986 | Orc:4    | Received a gift from Trog
 11991 | Orc:4    | Identified the +7 broad axe of the Thirteen Souls {chop, rF++ rC+} (Trog gifted it to you on level 4 of the Orcish Mines)
 12067 | Orc:4    | Found a bloodstained altar of Trog.
 12294 | Orc:4    | Bought a book of Minor Magic for 280 gold pieces
 12468 | D:12     | Noticed a skeletal warrior
 12508 | D:12     | Killed a skeletal warrior
 12513 | D:12     | Noticed a skeletal warrior
 12514 | D:12     | Noticed a skeletal warrior
 12522 | D:12     | Killed a skeletal warrior
 12553 | D:12     | Noticed a centaur warrior
 12731 | Lair:1   | Entered Level 1 of the Lair of Beasts
 13831 | Lair:2   | Received a gift from Trog
 14061 | Lair:2   | Reached skill level 10 in Stealth
 14214 | Lair:2   | Reached skill level 13 in Axes
 14349 | Lair:3   | Got a ripped robe
 14360 | Lair:3   | Identified the +1 robe of the Swamp {rCorr Dex+2} (You found it on level 3 of the Lair of Beasts)
 15633 | Lair:4   | Reached skill level 5 in Armour
 15639 | Lair:4   | Received a gift from Trog
 15680 | Lair:4   | Identified the Incunabulum of Aerial Moulding
 15782 | Lair:4   | Reached XP level 14. HP: 48/76 MP: 22/27
 15906 | Lair:4   | Reached skill level 10 in Fighting
 16035 | Lair:4   | Found a hole to the Spider Nest.
 16352 | Lair:5   | Received a gift from Trog
 16481 | Lair:5   | Found a staircase to the Shoals.
 16749 | Lair:6   | Found a staircase to the Slime Pits.
 16749 | Lair:6   | Found a viscous altar of Jiyva.
 16755 | Lair:6   | Reached skill level 1 in Throwing
 17424 | Lair:6   | Received a gift from Trog
 18078 | Lair:7   | Received a gift from Trog
 18098 | Lair:8   | Entered Level 8 of the Lair of Beasts
 18661 | Lair:8   | Received a gift from Trog
 18770 | Lair:8   | Identified a scroll of acquirement
 19142 | Lair:8   | Reached skill level 14 in Axes
 19232 | Lair:8   | Received a gift from Trog
 19780 | Shoals:1 | Entered Level 1 of the Shoals
 19841 | Shoals:1 | Reached XP level 15. HP: 58/81 MP: 27/29
 19866 | Shoals:1 | Noticed Kashira's ghost (powerful VSBe)
 19881 | Shoals:1 | Killed Kashira's ghost
 20035 | Shoals:2 | Found Acrasipt's Antique Armour Boutique.
 20045 | Shoals:2 | Received a gift from Trog
 20049 | Shoals:2 | Got a polished halberd {god gift}
 20050 | Shoals:2 | Identified the +9 halberd "Rypseok" {chop, +Blink +Inv rElec rF- Str+2 Dex+3} (Trog gifted it to you on level 2 of the Shoals)
 20057 | Shoals:2 | Bought an encrusted ring mail for 288 gold pieces
 20068 | Shoals:2 | Identified the +0 ring mail of Gryal {Str+3 Int-3} (You bought it in a shop on level 2 of the Shoals)
 20207 | Shoals:3 | Succumbed to a sea snake's poison

Action                   |  1- 3 |  4- 6 |  7- 9 | 10-12 | 13-15 || total
-------------------------+-------+-------+-------+-------+-------++-------
Melee: Hand axe          |   119 |   134 |   367 |   135 |       ||   755
       Battleaxe         |       |       |       |   445 |   219 ||   664
       Broad axe         |       |       |       |       |   770 ||   770
Throw: Javelin           |       |       |       |       |     2 ||     2
       Throwing net      |       |       |       |       |     3 ||     3
Invok: Berserk           |     1 |     2 |     2 |     8 |     5 ||    18
       Trog's Hand       |       |       |       |     4 |     3 ||     7
       Brothers in Arms  |       |       |       |     3 |     6 ||     9
Evoke: Deck              |       |       |       |     8 |       ||     8
  Use: Scroll            |       |     6 |     5 |     8 |    13 ||    32
       Potion            |       |       |     1 |       |     3 ||     4
 Stab: Sleeping          |       |       |     7 |    19 |    34 ||    60
       Distracted        |       |       |       |     3 |     7 ||    10
       Confused          |       |       |       |       |     1 ||     1
       Held in net/web   |       |       |       |       |     2 ||     2
  Eat: Chunk             |     3 |     6 |     8 |    20 |    11 ||    48
       Pizza             |       |       |     1 |       |     1 ||     2
       Meat ration       |       |       |     1 |     1 |     1 ||     3
       Beef jerky        |       |       |     1 |     1 |     1 ||     3
       Bread ration      |       |       |       |       |     4 ||     4
